 Dungeon Crawl Stone Soup version 0.19-b1-4-gd8a0a2a (webtiles) character file.

478 nikopol the Chopper (level 6, -2/55 (56) HPs)
             Began as a Minotaur Berserker on Oct 30, 2016.
             Was a Priest of Trog.
             Slain by an orc wizard
             ... wielding a +1 dagger of draining
              (4 damage)
             ... on level 4 of the Dungeon.
             The game lasted 00:08:15 (2537 turns).

nikopol the Chopper (Minotaur Berserker)            Turns: 2537, Time: 00:08:16

HP:   -2/55 (56)    AC:  5    Str: 21    XL:     6   Next: 85%
MP:   5/5           EV: 12    Int:  4    God:    Trog [***...]
Gold: 208           SH:  0    Dex: 12    Spells: 0 memorised, 5 levels left

rFire  . . .     SeeInvis .     a - +0 hand axe
rCold  . . .     Gourm    .     p - +0 ring mail
rNeg   . . .     Faith    .     (no shield)
rPois  .         Spirit   .     (helmet restricted)
rElec  .         Reflect  .     (no cloak)
rCorr  .         Harm     +     (no gloves)
MR     ++...                    (no boots)
Stlth  +.........               k - amulet of harm
                                (no ring)
                                (no ring)

@: lethally poisoned (-2 -> -2), exhausted, regenerating, slowed, heavily
drained, very slow
A: retaliatory headbutt, horns 2
a: Berserk, Trog's Hand, Burn Spellbooks, Renounce Religion


You were on level 4 of the Dungeon.
You worshipped Trog.
Trog was most pleased with you.
You were very hungry.

You visited 1 branch of the dungeon, and saw 4 of its levels.

You collected 208 gold pieces.

Inventory:

Hand Weapons
 a - a +0 hand axe (weapon)
Armour
 b - a +0 animal skin
 d - a +0 leather armour
 p - a +0 ring mail (worn)
Jewellery
 k - an amulet of harm (around neck)
 A - an uncursed amulet of guardian spirit {unknown}
Wands
 x - a wand of flame (20/48)
Scrolls
 g - a scroll of enchant weapon {unknown}
 j - a scroll of remove curse {unknown}
 m - 2 scrolls of teleportation {unknown}
 n - a scroll of recharging {unknown}
 o - a scroll of random uselessness {unknown}
 r - a scroll of blinking {unknown}
 s - a scroll of amnesia {unknown}
 t - a scroll of magic mapping {unknown}
 u - 2 scrolls of enchant armour {unknown}
 y - a scroll of identify {unknown}
Potions
 e - 2 potions of heal wounds {unknown}
 f - a potion of degeneration {unknown}
 h - a potion of haste {unknown}
 i - a potion of agility {unknown}
 l - a potion of curing {unknown}
 q - 2 potions of lignification {unknown}
 v - a potion of mutation {unknown}
 w - a potion of might {unknown}
 z - a potion of flight {unknown}
Comestibles
 c - 2 bread rations
 B - 3 chunks of flesh


   Skills:
 + Level 5.4(3.8) Fighting
 + Level 6.2(4.6) Axes
 + Level 4.3(2.7) Armour
 + Level 4.3(2.7) Dodging
 - Level 0.3(0.0) Stealth


You had 5 spell levels left.
You didn't know any spells.

Dungeon Overview and Level Annotations

Branches:
Dungeon (4/15)
 Temple: D:4-7

Altars:


Innate Abilities, Weirdness & Mutations

You reflexively headbutt those who attack you in melee.
You have a pair of horns on your head.


Message History

The worker ant bites you but does no damage.
The orc wizard hits you but does no damage.
You feel drained. The worker ant closely misses you.
You closely miss the worker ant.
The worker ant is heavily wounded.
You hit the orc wizard but do no damage.
The orc wizard hits you with a dagger of draining.
* * * LOW HITPOINT WARNING * * *
You feel drained. The worker ant misses you.
The orc wizard hits you with a dagger of draining.
* * * LOW HITPOINT WARNING * * *
You feel drained.
The worker ant bites you but does no damage.
You hit the worker ant.
The worker ant is almost dead.
You closely miss the orc wizard.
You feel sick. The orc wizard closely misses you. The worker ant bites you!
* * * LOW HITPOINT WARNING * * *
The orc wizard hits you with a dagger of draining.
You die...

##.....#
#.#.#...รท.$.
#.....#
#.#.#.......
#.....#
....#.......
#######.####
#..###.......
#......).#
#..# ####..##
#...$.^).##
#... ##Z#
#....[....#
... .#
#.......#o##
.#
#.......#)@#
..
#...=...##a#
##########..
##.# .# ..
..# ...


You could see a worker ant and an orc wizard.

Vanquished Creatures
  A necrophage (D:3)
  A water moccasin zombie (D:3)
  An orc priest (D:3)
  2 orc wizards (D:3)
  An iguana (D:4)
  2 worker ants (D:4)
  A hound skeleton (D:2)
  4 adders
  3 oozes
  3 adder skeletons
  A worm (D:3)
  3 leopard geckos (D:3)
  11 orcs
  15 bats
  A bat zombie (D:2)
  2 giant cockroaches
  5 goblins
  4 hobgoblins
  10 jackals
  8 kobolds
  2 quokkas (D:3)
  A ball python (D:3)
  5 frilled lizards
  A giant cockroach zombie (D:2)
  A jackal skeleton (D:2)
  A leopard gecko zombie (D:2)
  6 rats
96 creatures vanquished.

Notes
Turn   | Place    | Note
-------+----------+-------------------------------------------
     0 | D:1      | nikopol the Minotaur Berserker began the quest for the Orb.
     0 | D:1      | Reached XP level 1. HP: 19/19 MP: 0/0
   165 | D:1      | Reached XP level 2. HP: 27/27 MP: 1/1
   254 | D:1      | Reached skill level 4 in Axes
   471 | D:2      | Reached XP level 3. HP: 24/33 MP: 2/2
   472 | D:2      | Reached ** piety under Trog
   972 | D:2      | Reached skill level 5 in Axes
   972 | D:2      | Reached XP level 4. HP: 40/40 MP: 3/3
  1583 | D:3      | Reached XP level 5. HP: 34/47 MP: 4/4
  1888 | D:3      | Reached *** piety under Trog
  1914 | D:3      | Reached skill level 5 in Fighting
  1914 | D:3      | Reached XP level 6. HP: 45/56 MP: 5/5
  2182 | D:3      | Reached skill level 6 in Axes
  2537 | D:4      | HP: 2/55 [worker ant (8)]
  2537 | D:4      | Slain by an orc wizard

Skill      XL: |  1  2  3  4  5  6 |
---------------+-------------------+-----
Fighting       | 4 5 |  5.4
Axes           | 4 5 6 |  6.2
Dodging        | 3 4 |  4.3
Armour         | 3 4 |  4.3
Stealth        | |  0.3

Action                   |  1- 3 |  4- 6 || total
-------------------------+-------+-------++-------
Melee: Hand axe          |    79 |   128 ||   207
       Headbutt          |     6 |    21 ||    27
Invok: Berserk           |     2 |     2 ||     4
       Trog's Hand       |       |     1 ||     1
 Stab: Sleeping          |     1 |       ||     1
  Eat: Chunk             |       |     8 ||     8
Armor: Leather armour    |    22 |       ||    22
       Ring mail         |     7 |    32 ||    39
Dodge: Dodged            |    71 |    74 ||   145
